 Dungeon Crawl Stone Soup version 0.30-a0-305-g026cb31310 (webtiles) character file.

Game seed: 11296565217516660633

248 koil the Sneak (level 5, -2/27 HPs)
             Began as a Spriggan Brigand on Oct 23, 2022.
             Killed from afar by Ijyb (6 damage)
             ... with a bolt of dispelling energy
             ... on level 3 of the Dungeon.
             The game lasted 00:02:55 (1969 turns).

koil the Sneak (Spriggan Brigand)                   Turns: 1969, Time: 00:02:56

Health: -2/27      AC:  3    Str:  7    XL:     5   Next: 86%
Magic:  10/10      EV: 18    Int: 15    God:
Gold:   132        SH:  0    Dex: 16    Spells: 10/10 levels left

rFire   . . .      SeeInvis +    m - +2 dagger (venom)
rCold   . . .      Faith    .    (no shield)
rNeg    . . .      Spirit   .    b - +0 robe
rPois   .          Reflect  .    (helmet restricted)
rElec   .          Harm     .    c - +0 cloak
rCorr   .          Rampage  .    (gloves unavailable)
Will    .....                    (boots unavailable)
Stlth   ++++......               (no amulet)
HPRegen 0.24/turn                (no ring)
MPRegen 0.12/turn                (no ring)

@: very quick
A: very small, no large weapons, unfitting armour, see invisible, speed 3
a: no special abilities


You were on level 3 of the Dungeon.
You visited 1 branch of the dungeon, and saw 3 of its levels.

You collected 132 gold pieces.

Inventory:

Hand Weapons
 a - a +2 dagger
 m - a +2 dagger of venom (weapon)
Missiles
 d - 11 poisoned darts (quivered)
 e - 3 curare-tipped darts
 q - 5 atropa-tipped darts
Armour
 b - a +0 robe (worn)
 c - a +0 cloak (worn)
Jewellery
 p - an amulet of magic regeneration
Wands
 s - a wand of quicksilver (8)
Scrolls
 f - 3 scrolls of teleportation {unknown}
 j - a scroll of blinking {unknown}
 l - 3 scrolls of enchant weapon {unknown}
 n - a scroll of fear {unknown}
 o - a scroll of silence {unknown}
 r - a scroll of magic mapping {unknown}
Potions
 g - 3 potions of curing {unknown}
 h - 3 potions of might {unknown}
 i - a potion of resistance {unknown}
 k - a potion of flight {unknown}
 t - a potion of heal wounds {unknown}


   Skills:
 + Level 2.6 Fighting
 + Level 3.5 Short Blades
 - Level 2.0 Throwing
 + Level 3.5 Dodging
 + Level 7.2 Stealth
 + Level 3.0 Spellcasting


You had 10 spell levels left.
You didn't know any spells.
Your spell library was empty.

Dungeon Overview and Level Annotations

Branches:
Dungeon (3/15)

Altars:

Annotations:
D:3 Ijyb


Innate Abilities, Weirdness & Mutations

You are very small and have problems with some larger weapons.
You are too small for most types of armour.
You have supernaturally acute eyesight. (SInv)
You cover ground extremely quickly. (Speed+++)


Message History

You hit Ijyb but do no damage.
Ijyb is poisoned.
Ijyb hits you with a +0 club.
You closely miss Ijyb.
Ijyb is lightly wounded.
The giant cockroach misses you. Ijyb barely misses you.
You hit Ijyb.
Ijyb is moderately wounded.
The giant cockroach completely misses you.
Ijyb closely misses you.
You hit Ijyb.
Ijyb looks as sick as possible!
Ijyb is moderately wounded.
The giant cockroach misses you. Ijyb completely misses you.
You hit Ijyb but do no damage.
Ijyb is moderately wounded.
The giant cockroach bites you but does no damage.
You hit Ijyb.
Ijyb looks as sick as possible!
Ijyb is heavily wounded.
The giant cockroach barely misses you.
Ijyb zaps a wand.
The bolt of dispelling energy misses you.
The giant cockroach bites you but does no damage.
You closely miss Ijyb.
Ijyb is severely wounded.
Ijyb zaps a wand.
The bolt of dispelling energy misses you.
The giant cockroach misses you.
You hit Ijyb.
Ijyb looks as sick as possible!
Ijyb is severely wounded.
Ijyb zaps a wand.
The bolt of dispelling energy hits you!
Ouch! That really hurt!
* * * LOW HITPOINT WARNING * * *
You are too injured to fight recklessly!
You are too injured to fight recklessly!
You are too injured to fight recklessly!
You are too injured to fight recklessly!
You are too injured to fight recklessly!
You barely miss Ijyb.
Ijyb is severely wounded.
The giant cockroach closely misses you. Ijyb misses you.
The giant cockroach misses you.
Ijyb zaps a wand.
The bolt of dispelling energy hits you.
You die...

########..#####.#
................#
...#.#####..#####
...#.##.........#
...#.##.##.###..#
...#.##.##.# #..#
...#....##.# #..#
#######.#..#
#..##########
#...##
#..@..g.....#
......
#.....B.###.#
......##.......#
#.>.)..##.......#
#......##.......#
#......##########


You could see Ijyb (extremely poisoned) and a giant cockroach.

Vanquished Creatures
  Sigmund (D:2)
  Terence (D:3)
  2 adders (D:2)
  A worm (D:2)
  A dart slug (D:1)
  3 ball pythons (D:2)
  3 endoplasms
  6 giant cockroaches
  4 goblins
  6 hobgoblins
  3 kobolds
  A quokka (D:1)
  A bat (D:1)
  4 frilled lizards
  6 rats
43 creatures vanquished.

Notes
Turn   | Place    | Note
-------+----------+-------------------------------------------
     0 | D:1      | koil the Spriggan Brigand began the quest for the Orb.
     0 | D:1      | Reached XP level 1. HP: 10/10 MP: 2/2
   213 | D:1      | Reached skill level 6 in Stealth
   281 | D:1      | Reached XP level 2. HP: 15/15 MP: 2/4
   775 | D:1      | Reached skill level 1 in Spellcasting
   931 | D:2      | Noticed Sigmund
   950 | D:2      | Killed Sigmund
   951 | D:2      | Reached XP level 3. HP: 18/19 MP: 4/7
   951 | D:2      | Reached XP level 4. HP: 22/23 MP: 4/8
   951 | D:2      | Reached XP level 5. HP: 26/27 MP: 4/9
  1061 | D:2      | Reached skill level 7 in Stealth
  1759 | D:3      | Found a faded altar of an unknown god.
  1810 | D:3      | Noticed Terence
  1821 | D:3      | Killed Terence
  1953 | D:3      | Noticed Ijyb
  1969 | D:3      | Killed from afar by Ijyb

Illustrated notes

Levels and vault maps discovered:
D:1:      dpeg_arrival_circle_labyrinth_a, layout_loops_ring
D:2:      layout_loops_ring, grunt_decor_one_mirror, kennysheep_generic_room_14,
          uniq_sigmund
D:3:      layout_basic, nicolae_hepliaklqana_hippocampus,
          shapermc_ecumenical_altar_notcrosses, uniq_terence, uniq_ijyb,
          uniq_crazy_yiuf_cottage, uniq_natasha

Skill      XL: |  1  2  3  4  5 |
---------------+----------------+-----
Stealth        | 6 7 |  7.2
Spellcasting   | 2 3 |  3.0
Dodging        | 3 |  3.5
Fighting       | 2 |  2.6
Short Blades   | 3 |  3.5
Throwing       | |  2.0

Action                   |  1- 3 |  4- 6 || total
-------------------------+-------+-------++-------
Melee: Dagger            |    45 |    72 ||   117
 Stab: Sleeping          |     8 |    12 ||    20
Armor: Robe              |     3 |     6 ||     9
Dodge: Dodged            |    19 |    47 ||    66

Table legend: (Time is in decaauts)
 A = Elapsed time spent in this place.
 B = Non-inter-level travel time spent in this place.
 C = Inter-level travel time spent in this place.
 D = Time resting spent in this place.
 E = Time spent auto-exploring this place.
 F = Levels seen in this place.
 G = Mean time per level.
                   A        B        C        D        E       F      G
               +--------+--------+--------+--------+--------+-----+--------+
         Total |   1307 |   1270 |     37 |      0 |   1040 |   3 |  435.7 |
       Dungeon |   1307 |   1270 |     37 |      0 |   1040 |   3 |  435.7 |
               +--------+--------+--------+--------+--------+-----+--------+

Top non-repeatable levels by time:
     D:1: 595 daAuts
     D:2: 531 daAuts
     D:3: 179 daAuts
